 Zot Defence DCSS version 0.15.2 (webtiles) character file.

1073 Groucho the Skirmisher (level 8, -21/59 (73) HPs)
             Began as a Minotaur Fighter on Jan 18, 2021.
             Was an Initiate of Dithmenos.
             Demolished by Cligrebu the goliath beetle (23 damage)
             ... in the Realm of Zot (Scenario V: Glassed Sandwich).
             The game lasted 00:14:50 (1154 turns).

Groucho the Skirmisher (Minotaur Fighter)           Turns: 1154, Time: 00:14:50

HP -21/59 (73)   AC  7     Str 22      XL: 8   Next:  7%
MP   3/3         EV  7     Int  5      God: Dithmenos [......]
Gold 0           SH 10     Dex 11      Spells:  0 memorised,  7 levels left

rFire  . . .     SeeInvis .     a - +0 war axe
rCold  . . .     Clarity  .     b - +0 scale mail
rNeg   . . .     rCorr    .     c - +0 shield
rPois  .         rRot     .     (helmet restricted)
rElec  .         Spirit   .     (no cloak)
SustAb .         Warding  .     (no gloves)
rMut   .         Stasis   .     (no boots)
Gourm  .                        (no amulet)
MR     .....                    (no ring)
                                (no ring)

@: not resistant to hostile enchantments, extremely unstealthy
A: retaliatory headbutt, horns 2
a: Make oklob sapling, Make arrow trap, Make plant, Remove Curse, Make burning
bush, Make altar, Make grenades, Make oklob plant, Make net trap, Renounce
Religion


You were in the Realm of Zot.
You worshipped Dithmenos.
Dithmenos was noncommittal.
You were not hungry.

You visited 1 branch

Inventory:

Hand weapons
 a - a +0 war axe (weapon)
Armour
 b - a +0 scale mail (worn)
 c - a +0 shield (worn)
Comestibles
 f - a bread ration
Scrolls
 k - a scroll of blinking
Potions
 e - a potion of might
 h - a potion of haste
 i - 2 potions of magic
 j - a potion of berserk rage


   Skills:
 + Level 7.0 Fighting
 + Level 6.3 Axes
 + Level 6.4 Armour
 + Level 6.5 Shields


You had 7 spell levels left.
You didn't know any spells.

Dungeon Overview and Level Annotations

Branches:
    Zot (1/1)

Altars:
Dithmenos


Innate Abilities, Weirdness & Mutations

You reflexively headbutt those who attack you in melee.
You have a pair of horns on your head.


Message History

You feel stronger.
Your Zot abilities now extend through the making of net traps.
You block Cligrebu's attack.
Drink which item? (? for menu, Esc to quit)
You feel better.
You hit Cligrebu but do no damage.
Cligrebu is moderately wounded.
Cligrebu bites you!
* * * LOW HITPOINT WARNING * * *
Unknown command.
Unknown command.
Unknown command.
You slash Cligrebu! Your headbutt misses Cligrebu.
Cligrebu is heavily wounded.
Unknown command.
Unknown command.
Your shield prevents you from hitting Cligrebu.
Cligrebu is heavily wounded.
Cligrebu bites you!!
You die...

▓▓▓▓▓▓▓▓▓▓▓▓▓▓▓▓▓▓▓▓▓▓▓▓▓▓▓▓▓▓▓▓▓
.................................
..............▓▓%▓▓..............
.............▓▓.))▓▓.............
............▓▓.....▓▓............
...........▓▓...)...▓▓...........
..........▓▓....)..).▓▓..........
▓▓▓▓▓▓▓▓▓▓▓....))%..)P▓▓▓▓▓▓▓▓▓▓▓
∆∆∆∆∆∆∆▓▓▓▓▓▓▓▓.@B▓▓▓▓▓▓▓▓▓?)∆∆∆∆
▓▓▓▓▓▓▓▓▓▓▓....%))..)P▓▓▓▓▓▓▓▓▓▓▓
..........▓▓...))...)▓▓..........
...........▓▓...%..%▓▓...........
............▓▓...%.▓▓............
.............▓▓.).▓▓.............
..............▓▓%▓▓..............
.................................
▓▓▓▓▓▓▓▓▓▓▓▓▓▓▓▓▓▓▓▓▓▓▓▓▓▓▓▓▓▓▓▓▓


You could see Cligrebu the goliath beetle and 2 friendly oklob saplings.

Vanquished Creatures
  A yellow wasp (Zot)
  A giant frog (Zot)
  3 hounds (Zot)
  2 orc wizards (Zot)
  Jessica (Zot)
  5 adders (Zot)
  A gnoll (Zot)
  7 oozes (Zot)
  7 orcs (Zot)
  5 bats (Zot)
  A giant cockroach (Zot)
  4 hobgoblins (Zot)
  6 kobolds (Zot)
  4 quokkas (Zot)
  9 ball pythons (Zot)
  2 giant newts (Zot)
  6 goblins (Zot)
  4 rats (Zot)
69 creatures vanquished.

Vanquished Creatures (collateral kills)
  An orc wizard (Zot)
  4 giant mites (Zot)
  A giant gecko (Zot)
  An orc (Zot)
  2 ball pythons (Zot)
  4 bats (Zot)
  4 giant cockroaches (Zot)
  5 goblins (Zot)
  4 hobgoblins (Zot)
  3 jackals (Zot)
  7 kobolds (Zot)
  3 giant newts (Zot)
  2 quokkas (Zot)
  8 rats (Zot)
49 creatures vanquished.

Vanquished Creatures (others)
  An oklob sapling (Zot)
  A giant spore (Zot)
  A rat (Zot)
3 creatures vanquished.

Grand Total: 121 creatures vanquished

Notes
Turn   | Place    | Note
--------------------------------------------------------------
     0 | Zot      | Groucho, the Minotaur Fighter, began the quest for the Orb.
     0 | Zot      | Reached XP level 1. HP: 19/19 MP: 1/1
   232 | Zot      | Reached XP level 2. HP: 18/27 MP: 1/1
   303 | Zot      | Reached skill level 4 in Shields
   322 | Zot      | Reached XP level 3. HP: 25/33 MP: 2/2
   445 | Zot      | Reached XP level 4. HP: 32/41 MP: 2/2
   538 | Zot      | Reached skill level 5 in Fighting
   538 | Zot      | Reached XP level 5. HP: 34/48 MP: 2/2
   590 | Zot      | Reached skill level 5 in Armour
   590 | Zot      | Reached skill level 5 in Shields
   590 | Zot      | Reached XP level 6. HP: 12/42 MP: 3/3
   660 | Zot      | Noticed Jessica
   673 | Zot      | Killed Jessica
   840 | Zot      | Reached skill level 5 in Axes
   907 | Zot      | Became a worshipper of Dithmenos the Shadowed
   951 | Zot      | Reached skill level 6 in Fighting
   951 | Zot      | Reached XP level 7. HP: 47/49 MP: 3/3
  1150 | Zot      | Reached skill level 7 in Fighting
  1150 | Zot      | Reached XP level 8. HP: 7/59 MP: 3/3
  1152 | Zot      | HP: 1/59 [Cligrebu the goliath beetle (16)]
  1154 | Zot      | Demolished by Cligrebu the goliath beetle

Action                   |  1- 3 |  4- 6 |  7- 9 || total
-------------------------+-------+-------+-------++-------
Melee: War axe           |    48 |    74 |    35 ||   157
 Abil: Make oklob saplin |     1 |     2 |       ||     3
       Make altar        |       |     1 |       ||     1
  Use: Potion            |       |     3 |     1 ||     4
 Stab: Distracted        |       |     1 |     1 ||     2
